 Dungeon Sprint DCSS version 0.24.1-14-gf8d2b509d9 (webtiles) character file.

Game seed: 8617527424616201973, levelgen mode: deterministic

431 Chiseanne the Unseen (level 6, 0/30 HPs)
             Began as a Spriggan Wanderer on June 2, 2020.
             Was an Initiate of Fedhas.
             Slain by Sonja
             ... wielding a +1 short sword of draining
              (1 damage)
             ... in the Dungeon (Sprint I: "Red Sonja").
             The game lasted 00:02:23 (161 turns).

Chiseanne the Unseen (Spriggan Wanderer)             Turns: 161, Time: 00:02:24

Health: 0/30       AC:  2    Str: 10    XL:     6   Next: 66%
Magic:  7/7        EV: 27    Int: 15    God:    Fedhas [......]
Gold:   6          SH:  0    Dex: 19    Spells: 5/5 levels left

rFire    . . .     SeeInvis +   a - +2 dagger
rCold    . . .     Gourm    .   (shield restricted)
rNeg     . . .     Faith    .   e - +0 robe
rPois    .         Spirit   .   (helmet restricted)
rElec    .         Reflect  .   (no cloak)
rCorr    .         Harm     .   (gloves unavailable)
MR       +....     NoTele   +   (boots unavailable)
Stlth    +++++.....             (no amulet)
HPRegen  0.10/turn              (no ring)
MPRegen  0.10/turn              (no ring)

@: mighty, hasted and slowed, very heavily drained, very quick
A: very small, unfitting armour, see invisible, herbivore, speed 3, slow
metabolism 2
a: Renounce Religion


You were in the Dungeon.
You worshipped Fedhas.
Fedhas was noncommittal.
You were not hungry.

You visited 1 branch You collected 297 gold pieces.
You spent 291 gold pieces at shops.

Inventory:

Hand Weapons
 a - a +2 dagger (weapon)
 c - a +0 short sword
Armour
 e - a +0 robe (worn)
Wands
 j - a wand of digging (5)
Scrolls
 k - 4 scrolls of blinking
Potions
 d - 2 potions of mutation {unknown}
 i - 2 potions of magic
Comestibles
 f - 2 rations


   Skills:
 - Level 1.0(0.0) Fighting
 - Level 2.1(0.0) Short Blades
   Level 1.0(0.0) Axes
 - Level 1.0(0.0) Throwing
 * Level 14.0(9.8) Dodging
 * Level 15.3(11.0) Stealth


You had 5 spell levels left.
You didn't know any spells.
Your spell library was empty.

Dungeon Overview and Level Annotations

Branches:
Dungeon (1/1)

Altars:
Cheibriados
Dithmenos
Elyvilon
Fedhas
Gozag
Hepliaklqana
Kikubaaqudgha
Nemelex Xobeh
Okawaru
Qazlal
Ru
Sif Muna
Trog
Uskayaw
Vehumet
Wu Jian
Yredelemnul
Zin
The Shining One

Shops:
D *

Annotations:
D Sonja


Innate Abilities, Weirdness & Mutations

You are very small and have problems with some larger weapons.
You are too small for most types of armour.
You have supernaturally acute eyesight. (SInv)
You are a herbivore.
You cover ground extremely quickly.
You need to consume almost no food.


Message History

Sonja completely misses you. x2
Sonja hits you with a +1 short sword of draining.
You feel drained.
You puncture Sonja!
Sonja is almost dead.
Sonja barely misses you. Sonja misses you. Sonja closely misses you.
You completely miss Sonja.
Sonja is almost dead.
Sonja casts a spell.
Sonja looks slightly unstable.
You closely miss Sonja.
Sonja is almost dead.
Sonja hits you with a +1 short sword of draining.
* * * LOW HITPOINT WARNING * * *
You feel drained. Sonja barely misses you.
Sonja hits you with a +1 short sword of draining.
* * * LOW HITPOINT WARNING * * *
You feel drained.
You die...
Fedhas appreciates your contribution to the ecosystem.

#..'..#.)'..#..+
#..#####'#####'#
#..####..#...#.#
#..#__####..##.#
#..#_____##'#_.+
#⌠⌠#_.∩..†'.(._#
####_..__##_.#'#
#_____###K#.#
#########@###
+$.$+ #$.(#
##.## #+#


You could see Sonja.

Vanquished Creatures
  Sigmund (D)
  A yak (D)
  An ogre (D)
  A jelly (D)
  Ijyb (D)
5 creatures vanquished.

Notes
Turn   | Place    | Note
-------+----------+-------------------------------------------
     0 | D        | Chiseanne the Spriggan Wanderer began the quest for the
                  | Orb.
     0 | D        | Chiseanne set off with the following items: a +2 dagger, 2
                  | potions of heal wounds, a +0 short sword, a scroll of
                  | teleportation, a +0 robe, a ration, a potion of curing, a
                  | potion of haste, 2 potions of magic, a potion of berserk
                  | rage, a scroll of blinking
     0 | D        | Reached XP level 1. HP: 10/10 MP: 2/2
     1 | D        | Noticed Ijyb
    11 | D        | Killed Ijyb
    11 | D        | Reached skill level 7 in Stealth
    11 | D        | Reached XP level 2. HP: 14/14 MP: 3/3
    61 | D        | Noticed an ogre
    64 | D        | Killed an ogre
    64 | D        | Reached skill level 10 in Stealth
    64 | D        | Reached XP level 3. HP: 18/18 MP: 4/4
    64 | D        | Reached XP level 4. HP: 22/22 MP: 5/5
    74 | D        | Noticed Sigmund
    77 | D        | Killed Sigmund
    77 | D        | Reached skill level 13 in Stealth
    77 | D        | Reached XP level 5. HP: 25/25 MP: 6/6
    77 | D        | Reached XP level 6. HP: 30/30 MP: 7/7
    89 | D        | Found a shimmering blue altar of Sif Muna.
    90 | D        | Found an ornate altar of the Wu Jian Council.
    91 | D        | Found a radiant altar of Vehumet.
    95 | D        | Reached skill level 14 in Stealth
   124 | D        | Found Getaf's General Store.
   124 | D        | Found an ancient bone altar of Kikubaaqudgha.
   124 | D        | Found a hazy altar of Hepliaklqana.
   124 | D        | Found a hide-covered altar of Uskayaw.
   124 | D        | Found a basalt altar of Yredelemnul.
   124 | D        | Found an opulent altar of Gozag.
   124 | D        | Found a snail-covered altar of Cheibriados.
   124 | D        | Found a sacrificial altar of Ru.
   124 | D        | Found a shadowy altar of Dithmenos.
   124 | D        | Noticed a yak
   125 | D        | Found a stormy altar of Qazlal.
   125 | D        | Found a blossoming altar of Fedhas.
   125 | D        | Found a bloodstained altar of Trog.
   125 | D        | Found an iron altar of Okawaru.
   125 | D        | Found a glowing golden altar of the Shining One.
   125 | D        | Found a glowing silver altar of Zin.
   125 | D        | Found a white marble altar of Elyvilon.
   126 | D        | Killed a yak
   126 | D        | Reached skill level 15 in Stealth
   127 | D        | Found a sparkling altar of Nemelex Xobeh.
   130 | D        | Became a worshipper of Fedhas Madash
   132 | D        | Bought 3 scrolls of blinking for 247 gold pieces
   132 | D        | Bought a potion of might for 44 gold pieces
   139 | D        | Noticed Sonja
   161 | D        | HP: 1/30 [Sonja/+1 short sword of draining (4)]
   161 | D        | Slain by Sonja

Levels and vault maps discovered:
D:        dungeon_sprint_1 [red_sonja_temple_1, red_sonja_temple_small_1]

Skill      XL: |  1  2  3  4  5  6 |
---------------+-------------------+-----
Dodging        | 6 9 12 14 | 14.0
Stealth        | 7 10 13 15 | 15.3
Fighting       | |  1.0
Short Blades   | |  2.1
Axes           | |  1.0
Throwing       | |  1.0

Action                   |  1- 3 |  4- 6 || total
-------------------------+-------+-------++-------
Melee: Dagger            |     8 |    12 ||    20
Throw: Dart              |       |     3 ||     3
  Use: Potion            |     1 |     5 ||     6
       Scroll            |       |     1 ||     1
 Stab: Sleeping          |     1 |     3 ||     4
Armor: Robe              |     1 |     1 ||     2
Dodge: Dodged            |     3 |    37 ||    40
